 Dungeon Crawl Stone Soup version 0.23.2-33-g5129a83184 (webtiles) character file.

Game seed: 11342942633201941230

986 redmage the Charmwright (level 8, 0/63 HPs)
             Began as a Gnoll Skald on June 27, 2019.
             Was a Follower of Cheibriados.
             Slain by a hippogriff (5 damage)
             ... on level 7 of the Dungeon.
             The game lasted 00:23:01 (1521 turns).

redmage the Charmwright (Gnoll Skald)               Turns: 1521, Time: 00:23:02

Health: 0/63       AC:  5    Str: 16    XL:     8   Next: 18%
Magic:  0/16       EV: 16    Int: 17    God:    Cheibriados [*.....]
Gold:   69         SH:  0    Dex: 19    Spells: 7/18 levels left

rFire    . . .     SeeInvis .   a - +0 falchion
rCold    . . .     Gourm    .   (no shield)
rNeg     . . .     Faith    .   b - +1 leather armour
rPois    .         Spirit   .   t - +0 helmet (curse)
rElec    .         Reflect  .   (no cloak)
rCorr    .         Harm     .   (no gloves)
MR       .....                  (no boots)
Stlth    ++........             (no amulet)
HPRegen  0.20/turn              (no ring)
MPRegen  0.15/turn              (no ring)

@: infused, very slow
A: distributed training, fangs 1, strong nose
a: Bend Time, Renounce Religion


You were on level 7 of the Dungeon.
You worshipped Cheibriados.
Cheibriados was aware of your devotion.
You were not hungry.

You visited 2 branches of the dungeon, and saw 8 of its levels.

You collected 204 gold pieces.
You spent 135 gold pieces at shops.

Inventory:

Hand Weapons
 a - a +0 falchion (weapon)
 i - a +4 dagger
 v - a +1 whip of venom
Armour
 b - a +1 leather armour (worn)
 l - a +0 ring mail
 t - a cursed +0 helmet (worn)
Jewellery
 o - an uncursed ring of ice
Wands
 r - a wand of polymorph (6)
Scrolls
 e - a scroll of noise {unknown}
 g - 2 scrolls of remove curse
 k - a scroll of enchant armour
 n - 2 scrolls of teleportation
 u - a scroll of blinking {unknown}
Potions
 c - a potion of heal wounds
 f - a potion of curing
 h - a potion of brilliance {unknown}
 j - 2 potions of agility
 m - 2 potions of lignification
 p - 2 potions of resistance
 q - 2 potions of might
Comestibles
 d - 6 rations


   Skills:
 + Level 5.5 Fighting
 + Level 3.0 Short Blades
 + Level 5.5 Long Blades
 + Level 3.0 Axes
 + Level 3.0 Maces & Flails
 + Level 3.0 Polearms
 + Level 3.0 Staves
 + Level 3.0 Slings
 + Level 3.0 Bows
 + Level 3.0 Crossbows
 + Level 3.0 Throwing
 + Level 4.0 Armour
 + Level 5.5 Dodging
 + Level 3.0 Stealth
 + Level 3.0 Shields
 + Level 3.0 Unarmed Combat
 + Level 5.8 Spellcasting
 + Level 2.4 Conjurations
 + Level 2.4 Hexes
 + Level 6.0 Charms
 + Level 2.4 Summonings
 + Level 2.4 Necromancy
 + Level 2.4 Translocations
 + Level 2.4 Transmutations
 + Level 2.4 Fire Magic
 + Level 2.4 Ice Magic
 + Level 2.4 Air Magic
 + Level 2.4 Earth Magic
 + Level 2.4 Poison Magic
 + Level 3.2 Invocations
 + Level 3.0 Evocations


You had 7 spell levels left.
You knew the following spells:

 Your Spells              Type           Power        Failure   Level  Hunger
a - Infusion              Chrm           ####         1%          1    None
b - Song of Slaying       Chrm           ####....     1%          2    None
c - Shroud of Golubria    Chrm/Tloc      ###.......   4%          2    None
d - Regeneration          Chrm/Necr      ###.......   9%          3    ##.....
e - Spectral Weapon       Hex/Chrm       ###.....     9%          3    ##.....

Your spell library contained the following spells:

 Spells                   Type           Power        Failure   Level  Hunger


Dungeon Overview and Level Annotations

Branches:
Dungeon (7/15)             Temple (1/1) D:4

Altars:
Ashenzari
Cheibriados
Dithmenos
Elyvilon
Fedhas
Hepliaklqana
Kikubaaqudgha
Makhleb
Nemelex Xobeh
Okawaru
Qazlal
Sif Muna
Trog
Uskayaw
Vehumet
Wu Jian
Xom
Yredelemnul
Zin
The Shining One

Shops:
D:7 *


Innate Abilities, Weirdness & Mutations

Your experience applies equally to all skills.
You have very sharp teeth.
Your uncanny sense of smell can sniff out nearby items.


Message History

Your shroud begins to fray at the edges.
The hippogriff bites you but does no damage.
The hippogriff barely misses you. The hippogriff claws you.
You hit the hippogriff.
You bite the hippogriff, but do no damage.
The hippogriff is almost dead.
The hippogriff bites you!
* * * LOW HITPOINT WARNING * * *
Your shroud falls apart!
The hippogriff pecks you.
* * * LOW HITPOINT WARNING * * *
The hippogriff claws you.
* * * LOW HITPOINT WARNING * * *
Unknown command.
You hit the hippogriff.
The hippogriff is almost dead.
The hippogriff bites you.
* * * LOW HITPOINT WARNING * * *
The hippogriff completely misses you. The hippogriff claws you.
You die...

#.[###..# #.....†.#
.....## #.......#
....... #.......#
...... #.......#
.....
#.......######...#
#............#...#
∆
#............#H..+
#............@...#
#............#...#
#............#...#
#............#...#
#............#...#
#............#...#
#............###..
#................P.
#................P


You could see a hippogriff.

Vanquished Creatures
  A hippogriff (D:7)
  An ice beast (D:7)
  2 phantoms
  An ogre (D:7)
  2 scorpions
  2 crimson imps
  An orc priest (D:7)
  A hound (D:7)
  4 orc wizards
  A howler monkey skeleton (D:7)
  4 adders
  An ooze (D:5)
  An adder skeleton (D:4)
  3 leopard geckos
  18 orcs
  4 giant cockroaches
  2 hobgoblins (D:1)
  3 jackals (D:6)
  A quokka (D:4)
  5 bats
  A frilled lizard (D:3)
  5 kobolds
  A leopard gecko zombie (D:4)
  3 rats
68 creatures vanquished.

Notes
Turn   | Place    | Note
-------+----------+-------------------------------------------
     0 | D:1      | redmage the Gnoll Skald began the quest for the Orb.
     0 | D:1      | Reached XP level 1. HP: 20/20 MP: 6/6
   125 | D:1      | Reached XP level 2. HP: 26/26 MP: 5/7
   129 | D:1      | Learned a level 2 spell: Song of Slaying
   132 | D:1      | Learned a level 2 spell: Shroud of Golubria
   215 | D:2      | Reached XP level 3. HP: 26/31 MP: 0/9
   219 | D:2      | Reached skill level 5 in Spellcasting
   243 | D:2      | Found a shattered altar of Ashenzari.
   243 | D:2      | Found a basalt altar of Yredelemnul.
   244 | D:2      | Found an iron altar of Okawaru.
   299 | D:3      | Learned a level 3 spell: Regeneration
   303 | D:3      | Learned a level 3 spell: Spectral Weapon
   337 | D:3      | Reached skill level 1 in Short Blades
   337 | D:3      | Reached skill level 1 in Axes
   337 | D:3      | Reached skill level 1 in Maces & Flails
   337 | D:3      | Reached skill level 1 in Polearms
   337 | D:3      | Reached skill level 1 in Staves
   337 | D:3      | Reached skill level 1 in Slings
   337 | D:3      | Reached skill level 1 in Bows
   337 | D:3      | Reached skill level 1 in Crossbows
   337 | D:3      | Reached skill level 1 in Throwing
   337 | D:3      | Reached skill level 1 in Stealth
   337 | D:3      | Reached skill level 1 in Shields
   337 | D:3      | Reached skill level 1 in Unarmed Combat
   337 | D:3      | Reached skill level 1 in Invocations
   337 | D:3      | Reached skill level 1 in Evocations
   337 | D:3      | Reached XP level 4. HP: 25/38 MP: 0/11
   368 | D:4      | Noticed an ogre
   378 | D:3      | Found a bloodstained altar of Trog.
   378 | D:3      | Found a shimmering altar of Xom.
   380 | D:3      | Found an ancient bone altar of Kikubaaqudgha.
   382 | D:3      | Found a stormy altar of Qazlal.
   383 | D:3      | Found a blossoming altar of Fedhas.
   434 | D:4      | Reached skill level 1 in Conjurations
   434 | D:4      | Reached skill level 1 in Hexes
   434 | D:4      | Reached skill level 1 in Summonings
   434 | D:4      | Reached skill level 1 in Necromancy
   434 | D:4      | Reached skill level 1 in Translocations
   434 | D:4      | Reached skill level 1 in Transmutations
   434 | D:4      | Reached skill level 1 in Fire Magic
   434 | D:4      | Reached skill level 1 in Ice Magic
   434 | D:4      | Reached skill level 1 in Air Magic
   434 | D:4      | Reached skill level 1 in Earth Magic
   434 | D:4      | Reached skill level 1 in Poison Magic
   443 | D:5      | Entered Level 5 of the Dungeon
   497 | D:4      | Noticed a phantom
   539 | D:4      | Killed a phantom
   539 | D:4      | Reached XP level 5. HP: 30/43 MP: 4/12
   672 | D:4      | Reached XP level 6. HP: 50/50 MP: 2/13
   732 | D:4      | Found a staircase to the Ecumenical Temple.
   743 | Temple   | Entered the Ecumenical Temple
   764 | Temple   | Became a worshipper of Cheibriados the Contemplative
   964 | D:5      | Reached skill level 5 in Fighting
   964 | D:5      | Reached skill level 5 in Long Blades
   964 | D:5      | Reached skill level 5 in Dodging
  1218 | D:5      | Noticed a water moccasin
  1233 | D:7      | Reached XP level 7. HP: 56/56 MP: 11/15
  1312 | D:7      | Found Onacic's General Store.
  1315 | D:7      | Bought a potion of heal wounds for 75 gold pieces
  1315 | D:7      | Bought a potion of agility for 60 gold pieces
  1324 | D:7      | Noticed a hog
  1324 | D:7      | Noticed a human
  1324 | D:7      | Noticed a hog
  1324 | D:7      | Noticed a hog
  1324 | D:7      | Noticed a yak
  1344 | D:7      | Noticed a hippogriff
  1359 | D:7      | Killed a hippogriff
  1369 | D:7      | Found a white marble altar of Elyvilon.
  1415 | D:7      | Reached * piety under Cheibriados
  1415 | D:7      | Reached skill level 6 in Charms
  1415 | D:7      | Reached XP level 8. HP: 59/63 MP: 1/16
  1416 | D:7      | Found a sparkling altar of Nemelex Xobeh.
  1502 | D:7      | Noticed a hippogriff
  1521 | D:7      | Slain by a hippogriff

Skill      XL: |  1  2  3  4  5  6  7  8 |
---------------+-------------------------+-----
Spellcasting   | 5 |  5.8
Short Blades   | 1 2 3 |  3.0
Axes           | 1 2 3 |  3.0
Maces & Flails | 1 2 3 |  3.0
Polearms       | 1 2 3 |  3.0
Staves         | 1 2 3 |  3.0
Slings         | 1 2 3 |  3.0
Bows           | 1 2 3 |  3.0
Crossbows      | 1 2 3 |  3.0
Throwing       | 1 2 3 |  3.0
Stealth        | 1 2 3 |  3.0
Shields        | 1 2 3 |  3.0
Unarmed Combat | 1 2 3 |  3.0
Invocations    | 1 2 3 |  3.2
Evocations     | 1 2 3 |  3.0
Conjurations   | 1 2 |  2.4
Hexes          | 1 2 |  2.4
Summonings     | 1 2 |  2.4
Necromancy     | 1 2 |  2.4
Translocations | 1 2 |  2.4
Transmutations | 1 2 |  2.4
Fire Magic     | 1 2 |  2.4
Ice Magic      | 1 2 |  2.4
Air Magic      | 1 2 |  2.4
Earth Magic    | 1 2 |  2.4
Poison Magic   | 1 2 |  2.4
Armour         | 3 4 |  4.0
Fighting       | 5 |  5.5
Long Blades    | 5 |  5.5
Dodging        | 5 |  5.5
Charms         | 6 |  6.0

Action                   |  1- 3 |  4- 6 |  7- 9 || total
-------------------------+-------+-------+-------++-------
Melee: Falchion          |    46 |    99 |    56 ||   201
       Bite              |     7 |    22 |    14 ||    43
       Punch             |       |     1 |       ||     1
       Dagger            |       |    24 |    18 ||    42
 Cast: Infusion          |     4 |     6 |     4 ||    14
       Shroud of Golubri |     2 |     8 |     4 ||    14
       Song of Slaying   |     1 |       |       ||     1
       Regeneration      |       |     4 |     2 ||     6
       Spectral Weapon   |       |     1 |     1 ||     2
  Use: Scroll            |       |     8 |       ||     8
       Potion            |       |     1 |       ||     1
 Stab: Sleeping          |       |     7 |     1 ||     8
  Eat: Chunk             |       |     2 |       ||     2
       Ration            |       |       |     1 ||     1
Armor: Leather armour    |    10 |    24 |    21 ||    55
Dodge: Dodged            |    23 |    86 |    71 ||   180
       Rpst.: Falchion   |     8 |    26 |     8 ||    42
